 Dungeon Crawl Stone Soup version 0.23.2-33-g5129a83184 (webtiles) character file.

Game seed: 16762875606797161435

44 psyvane the Gusty (level 3, 0/19 HPs)
             Began as a Deep Elf Air Elementalist on July 21, 2019.
             Slain by a hound (6 damage)
             ... on level 2 of the Dungeon.
             The game lasted 00:05:21 (1628 turns).

psyvane the Gusty (Deep Elf Air Elementalist)       Turns: 1628, Time: 00:05:22

Health: 0/19       AC:  2    Str:  5    XL:     3   Next: 41%
Magic:  0/9        EV: 13    Int: 20    God:
Gold:   180        SH:  0    Dex: 15    Spells: 2/8 levels left

rFire    . . .     SeeInvis .   f - +0 dagger
rCold    . . .     Gourm    .   (no shield)
rNeg     . . .     Faith    .   a - +0 robe
rPois    .         Spirit   .   (no helmet)
rElec    .         Reflect  .   (no cloak)
rCorr    .         Harm     .   (no gloves)
MR       .....                  (no boots)
Stlth    ++........             (no amulet)
HPRegen  0.06/turn              (no ring)
MPRegen  0.11/turn              (no ring)

@: sluggish, very slow
A: no striking features
a: no special abilities


You were on level 2 of the Dungeon.
You were not hungry.

You visited 1 branch of the dungeon, and saw 2 of its levels.

You collected 180 gold pieces.

Inventory:

Hand Weapons
 f - a +0 dagger (weapon)
Armour
 a - a +0 robe (worn)
Scrolls
 e - 2 scrolls of identify {unknown}
 g - a scroll of magic mapping {unknown}
 h - a scroll of fear {unknown}
Potions
 b - 2 potions of magic {unknown}
 d - a potion of curing {unknown}
Comestibles
 c - 3 rations
 i - a chunk of flesh


   Skills:
 + Level 0.9 Short Blades
 - Level 2.4 Dodging
 - Level 2.4 Stealth
 - Level 3.0 Spellcasting
 - Level 3.0 Conjurations
 + Level 2.1 Charms
 - Level 3.0 Air Magic


You had 2 spell levels left.
You knew the following spells:

 Your Spells              Type           Power        Failure   Level  Hunger
a - Shock                 Conj/Air       ###.         4%          1    None
b - Swiftness             Chrm/Air       ##......     8%          2    ##.....
c - Static Discharge      Conj/Air       ###.....     12%         3    ###....

Your spell library contained the following spells:

 Spells                   Type           Power        Failure   Level  Hunger
 Airstrike                Air            ###.......   38%         4    ####...
 Lightning Bolt           Conj/Air       ###.......   75%         5    ######.


Dungeon Overview and Level Annotations

Branches:
Dungeon (2/15)

Altars:

Annotations:
D:2 Robin


Message History

Robin is severely wounded.
Robin closely misses you. The hound bites you.
Casting: Shock (safe; 4% risk of failure)
Confirm with . or Enter, or press ? or * to list all spells.
You feel quick. The hound bites you. Robin barely misses you.
The hound completely misses you.
That item cannot be evoked!
The hound bites you.
You start to feel a little slower.
The hound bites you.
Casting: Swiftness (safe; 8% risk of failure)
Confirm with . or Enter, or press ? or * to list all spells.
Aiming: Shock (safe; 4% risk of failure)
Press: ? - help, Shift-Dir - straight line, f/p - hound
Aim: a hound (moderately wounded)
The zap hits the hound.
The hound is heavily wounded.
You feel sluggish. The hound bites you.
You die...

#......g# ##......#
# #....#.# .##
#.#.##.#######...
#.#.............#
#....#.##.......#
#......##.......#
#........h......#
###.#####@......##
#...####.........
#>..............#
.......###.#######
..#..... ##.######
#..##...###.......#
... ... #..####.#
#.# #..####.# #.#
#....##.#


You could see a hound.

Vanquished Creatures
  A dart slug (D:1)
  4 bats (D:1)
  13 goblins
  8 hobgoblins
  3 jackals (D:1)
  2 frilled lizards (D:1)
  2 kobolds (D:1)
  4 rats (D:1)
37 creatures vanquished.

Vanquished Creatures (others)
  4 toadstools (D:1)
4 creatures vanquished.

Grand Total: 41 creatures vanquished

Notes
Turn   | Place    | Note
-------+----------+-------------------------------------------
     0 | D:1      | psyvane the Deep Elf Air Elementalist began the quest for
                  | the Orb.
     0 | D:1      | Reached XP level 1. HP: 10/10 MP: 6/6
   242 | D:1      | Reached XP level 2. HP: 15/15 MP: 4/8
   247 | D:1      | Learned a level 2 spell: Swiftness
   977 | D:1      | Reached skill level 1 in Charms
   977 | D:1      | Reached XP level 3. HP: 19/19 MP: 7/9
  1301 | D:2      | Learned a level 3 spell: Static Discharge
  1393 | D:2      | Noticed Robin
  1628 | D:2      | Slain by a hound

Skill      XL: |  1  2  3 |
---------------+----------+-----
Conjurations   | 2 3 |  3.0
Charms         | 1 2 |  2.1
Short Blades   | |  0.9
Dodging        | |  2.4
Stealth        | |  2.4
Spellcasting   | |  3.0
Air Magic      | |  3.0

Action                   || total
-------------------------++-------
Melee: Dagger            ||     2
 Cast: Shock             ||    63
       Swiftness         ||     2
  Eat: Chunk             ||     2
Armor: Robe              ||     3
Dodge: Dodged            ||    19
